 Dungeon Crawl Stone Soup version 0.23.1 (webtiles) character file.

Game seed: 9026617630405805594

12149 Lanoc the Cleaver (level 11, -1/95 HPs)
             Began as a Demonspawn Gladiator on Mar 1, 2019.
             Was an Initiate of Gozag.
             Killed from afar by a starcursed mass (3 damage)
             ... with an accursed screaming
             ... on level 3 of the Abyss.
             The game lasted 00:26:25 (9613 turns).

Lanoc the Cleaver (Demonspawn Gladiator)            Turns: 9613, Time: 00:26:26

Health: -1/95      AC: 14    Str: 21    XL:     11   Next: 58%
Magic:  0/20       EV: 23    Int:  9    God:    Gozag
Gold:   653        SH:  0    Dex: 24    Spells: 9/10 levels left

rFire    + . .     SeeInvis .   L - +3 war axe (freeze)
rCold    + + .     Gourm    .   (no shield)
rNeg     . . .     Faith    .   n - +3 ring mail {rC+}
rPois    +         Spirit   +   c - +0 helmet
rElec    +         Reflect  .   F - scarf {repulsion}
rCorr    +         Harm     .   i - +0 pair of gloves
MR       +....                  (no boots)
Stlth    +.........             (no amulet)
HPRegen  0.00/turn              J - ring of protection from magic
MPRegen  0.17/turn              E - ring of magical power

@: mighty, agile, resistant, flying, non-regenerating, mildly diseased, hasted,
glowing, repel missiles, very quick
A: claws 2, yellow scales 1, powered by death 1, robust 1, strong 1,
augmentation 1, magic shield
a: Potion Petition, Call Merchant, Bribe Branch, Renounce Religion


You were on level 3 of the Abyss.
You worshipped Gozag.
Gozag was pleased with you.
You were not hungry.

You visited 2 branches of the dungeon, and saw 13 of its levels.
You visited the Abyss 1 time.
You also visited: Ossuary.

You collected 1988 gold pieces.
You paid 1335 gold pieces to Gozag.

Inventory:

Hand Weapons
 L - a +3 war axe of freezing (weapon)
Missiles
 d - 2 throwing nets (quivered)
Armour
 c - a +0 helmet (worn)
 i - a +0 pair of gloves (worn)
 n - a +3 ring mail of cold resistance (worn)
 F - a scarf of repulsion (worn)
Jewellery
 l - an uncursed ring of poison resistance
 s - an uncursed ring of fire
 v - an uncursed ring of positive energy
 D - an uncursed ring of resist corrosion
 E - a ring of magical power (right hand)
 J - a ring of protection from magic (left hand)
Wands
 b - a wand of flame (11)
 t - a wand of random effects (17)
 y - a wand of enslavement (8)
 C - a wand of digging (4)
Scrolls
 a - 3 scrolls of enchant weapon
 h - 4 scrolls of remove curse
 p - 3 scrolls of immolation
 r - 4 scrolls of teleportation
 u - 3 scrolls of amnesia
 w - a scroll of magic mapping
 B - a scroll of enchant armour
 I - a scroll of noise {unknown}
 M - a scroll of blinking
 P - a scroll of fear
Potions
 e - a potion of curing
 k - a potion of haste
 m - a potion of brilliance
 o - a potion of might
 q - 3 potions of lignification
 x - 2 potions of magic
 z - a potion of resistance
 A - a potion of mutation
 G - a potion of cancellation
 O - a potion of flight
Comestibles
 f - 7 rations


   Skills:
 + Level 8.7 Fighting
 * Level 10.9 Axes
 - Level 2.0 Throwing
 + Level 7.7 Armour
 + Level 8.3 Dodging


You had 9 spell levels left.
You knew the following spells:

 Your Spells              Type           Power        Failure   Level  Hunger
a - Apportation           Tloc           #.....       52%         1    ##.....

Your spell library contained the following spells:

 Spells                   Type           Power        Failure   Level  Hunger
 Animate Skeleton         Necr           N/A          52%         1    ##.....
 Beastly Appendage        Tmut           #.....       52%         1    ##.....
 Confusing Touch          Hex            #.....       52%         1    ##.....
 Sandblast                Erth           #.....       52%         1    ##.....
 Summon Small Mammal      Summ           #...         52%         1    ##.....
 Call Imp                 Summ           #.......     67%         2    ###....
 Passwall                 Tmut/Erth      #.......     67%         2    ###....
 Sticks to Snakes         Tmut           #.......     67%         2    ###....
 Call Canine Familiar     Summ           #.......     88%         3    ####...
 Spider Form              Tmut/Pois      #.........   88%         3    ####...
 Stone Arrow              Conj/Erth      #.....       88%         3    ####...
 Summon Guardian Golem    Hex/Summ       #.......     88%         3    ####...
 Ice Form                 Ice/Tmut       #.......     99%         4    #####..
 Petrify                  Tmut/Erth      #.......     99%         4    #####..
 Summon Ice Beast         Ice/Summ       #.......     99%         4    #####..
 Summon Lightning Spire   Summ/Air       #.......     99%         4    #####..
 Blade Hands              Tmut           #.........   100%        5    ######.
 Lee's Rapid Deconstruct  Erth           #.........   100%        5    ######.


Dungeon Overview and Level Annotations

Branches:
Dungeon (14/15)            Temple (1/1) D:7            Lair (0/6) D:8
    Orc: D:9-12      Vaults: D:13-14

Altars:
Ashenzari
Cheibriados
Dithmenos
Elyvilon
Fedhas
Gozag
Hepliaklqana
Kikubaaqudgha
Makhleb
Nemelex Xobeh
Okawaru
Qazlal
Ru
Sif Muna
Trog
Uskayaw
Vehumet
Wu Jian
Xom
Yredelemnul
Zin
The Shining One

Annotations:
D:14 Louise


Innate Abilities, Weirdness & Mutations

You have very sharp fingernails.
You are partially covered in yellow scales. (AC +2)
You regenerate a little health from kills.
Your magical and physical power is slightly enhanced at high health.
When hurt, damage is shared between your health and your magic reserves.
You are robust. (+10% HP)
Your muscles are strong. (Str +2)


Message History

The starcursed mass is moderately damaged.
You feel mightier all of a sudden.
A starcursed mass splits.
You slash the starcursed mass! You freeze the starcursed mass.
The starcursed mass is heavily damaged.
The starcursed mass shudders and is absorbed by its neighbour.
The daeva calls down the wrath of the Shining One upon you.
The Shining One smites you!
* * * LOW HITPOINT WARNING * * *
The starcursed mass engulfs you.
* * * LOW HITPOINT WARNING * * *
You slash the starcursed mass! You freeze the starcursed mass.
The starcursed mass is heavily damaged.
You slash the daeva! You freeze the daeva. The daeva blocks your attack.
The daeva is lightly wounded.
You hit the starcursed mass. You freeze the starcursed mass.
The starcursed mass shrieks in your mind.
You die...
Your body crumbles into a pile of gold.

# . # ####..#####
# # ..........#
##.# .
..........# #.. .
. ........#.# #..
.........=# .. .
. ..........# .
... ..
.......X..# ..#
.. ##....A@..###
.. ........?.# #.
# ) .
..........###
........#....(# .
........#.....#
#########...#....
. #........
....... #.......#
....##.. # . .
....#.####'# . .


You could see a starcursed mass and a daeva.

Vanquished Creatures
  A two-headed ogre (D:8)
  A centaur warrior (D:14)
  A cyclops (D:11)
  Psyche (D:10)
  An apocalypse crab (Abyss:3)
  3 centaur skeletons
  A kobold demonologist (D:14)
  An ancient zyme (Abyss:3)
  A troll (D:9)
  3 hippogriffs
  3 wraiths
  6 yaks
  An air elemental (Abyss:3)
  A vampire (D:11)
  A wyvern (D:9)
  3 hungry ghosts
  Edmund (D:4)
  Menkaure (D:7)
  A water moccasin (D:5)
  An ice beast (D:7)
  A black bear (D:4)
  4 orc warriors
  5 sky beasts
  A necrophage (D:10)
  8 ogres
  An eye of draining (D:9)
  7 centaurs
  A big kobold (D:14)
  2 elf zombies (Ossuary)
  4 bullfrogs
  7 scorpions
  4 killer bees (D:11)
  9 wights (D:10)
  2 howler monkeys (D:11)
  8 crimson imps
  A centaur zombie (D:11)
  8 hounds
  2 jellies
  A bullfrog skeleton (D:7)
  A gnoll shaman (D:9)
  5 orc priests
  5 orc wizards
  2 iguanas
  Ijyb (D:4)
  6 worker ants
  A big kobold zombie (Ossuary)
  A hound zombie (D:4)
  A hound skeleton (D:5)
  3 mummies (Ossuary)
  A worker ant zombie (D:5)
  5 gnolls
  15 adders
  3 river rats (D:8)
  A shadow imp (D:8)
  2 adder skeletons
  2 worms
  2 dart slugs
  6 leopard geckos
  44 orcs
  6 giant cockroaches
  2 gnoll zombies (Ossuary)
  7 goblins
  8 hobgoblins
  8 jackals
  A quokka (D:2)
  4 ball pythons
  10 bats
  4 frilled lizards
  A giant cockroach zombie (D:4)
  3 hobgoblin zombies (Ossuary)
  A jackal skeleton (D:4)
  12 kobolds
  3 kobold zombies (Ossuary)
  2 leopard gecko skeletons
  7 rats
  A spectral orc (D:7)
296 creatures vanquished.

Vanquished Creatures (others)
  A yak (D:9)
  A frilled lizard (D:2)
2 creatures vanquished.

Grand Total: 298 creatures vanquished

Notes
Turn   | Place    | Note
-------+----------+-------------------------------------------
     0 | D:1      | Lanoc the Demonspawn Gladiator began the quest for the Orb.
     0 | D:1      | Reached XP level 1. HP: 16/16 MP: 1/1
    78 | D:1      | Gained mutation: When hurt, damage is shared between your
                  | health and your magic reserves. [demonic ancestry]
    78 | D:1      | Reached XP level 2. HP: 22/22 MP: 2/2
   298 | D:1      | Reached skill level 1 in Armour
   539 | D:1      | Reached XP level 3. HP: 28/28 MP: 3/3
   807 | D:2      | Gained mutation: Your muscles are strong. (Str +2) [potion
                  | of mutation]
   807 | D:2      | Gained mutation: You are robust. (+10% HP) [potion of
                  | mutation]
   833 | D:1      | HP: 1/30 [poisoned by an adder]
  1149 | D:2      | Learned a level 1 spell: Apportation
  1184 | D:2      | Gained mutation: You have sharp fingernails. [demonic
                  | ancestry]
  1184 | D:2      | Reached XP level 4. HP: 35/37 MP: 4/4
  1597 | D:3      | Reached skill level 3 in Axes
  1927 | D:4      | Found an opulent altar of Gozag.
  1956 | D:4      | Reached XP level 5. HP: 32/45 MP: 2/5
  2134 | D:4      | Found a sacrificial altar of Ru.
  2179 | D:4      | Gained mutation: You are partially covered in yellow
                  | scales. (AC +2) [demonic ancestry]
  2179 | D:4      | Reached XP level 6. HP: 20/51 MP: 3/6
  2522 | D:4      | Noticed Edmund
  2567 | D:4      | Killed Edmund
  2567 | D:4      | Reached skill level 4 in Axes
  2867 | D:4      | Noticed Ijyb
  2897 | D:4      | Killed Ijyb
  2967 | D:4      | Reached XP level 7. HP: 58/59 MP: 7/7
  3180 | D:5      | Entered Level 5 of the Dungeon
  3241 | D:5      | Reached skill level 5 in Axes
  3253 | D:5      | Found a glowing silver altar of Zin.
  3346 | D:5      | HP: 4/90 [poisoned by a water moccasin]
  3352 | D:5      | HP: 3/90 [poisoned by a water moccasin]
  3358 | D:5      | HP: 2/90 [poisoned by a water moccasin]
  3366 | D:5      | HP: 2/90 [poisoned by a water moccasin]
  3375 | D:5      | HP: 2/90 [water moccasin (2)]
  3422 | D:5      | Gained mutation: You regenerate a little health from kills.
                  | [demonic ancestry]
  3422 | D:5      | Reached XP level 8. HP: 8/67 MP: 5/8
  3633 | D:5      | Found a glowing golden altar of the Shining One.
  3652 | D:5      | Found a sand-covered staircase.
  3660 | Ossuary  | Entered an ossuary
  3971 | Ossuary  | Reached skill level 5 in Dodging
  4035 | Ossuary  | Reached skill level 5 in Fighting
  4125 | Ossuary  | Reached skill level 6 in Axes
  4459 | D:5      | Found a bloodstained altar of Trog.
  4507 | D:4      | Became a worshipper of Gozag Ym Sagoz the Greedy
  4736 | D:6      | Found a shattered altar of Ashenzari.
  5903 | D:7      | Noticed Menkaure
  5914 | D:7      | Killed Menkaure
  5914 | D:7      | Reached skill level 7 in Axes
  5914 | D:7      | Gained mutation: You have very sharp fingernails. [demonic
                  | ancestry]
  5914 | D:7      | Reached XP level 9. HP: 47/75 MP: 5/9
  5982 | D:7      | Found a staircase to the Ecumenical Temple.
  6001 | Temple   | Entered the Ecumenical Temple
  6187 | D:7      | Reached skill level 5 in Armour
  6256 | D:7      | Found a basalt altar of Yredelemnul.
  6316 | D:7      | Found a stormy altar of Qazlal.
  6711 | D:8      | You fall through a shaft for 3 floors!
  6712 | D:11     | Noticed a cyclops
  6721 | D:11     | Killed a cyclops
  6733 | D:11     | Reached skill level 8 in Axes
  6763 | D:10     | Entered Level 10 of the Dungeon
  7076 | D:10     | Gained mutation: Your magical and physical power is
                  | slightly enhanced at high health. [demonic ancestry]
  7076 | D:10     | Reached XP level 10. HP: 71/84 MP: 10/10
  7152 | D:9      | Found a snail-covered altar of Cheibriados.
  7168 | D:9      | Reached skill level 9 in Axes
  7222 | D:9      | Found a shattered altar of Ashenzari.
  7285 | D:9      | Found a hazy altar of Hepliaklqana.
  7484 | D:8      | Noticed a two-headed ogre
  7494 | D:8      | Killed a two-headed ogre
  7638 | D:8      | Noticed a death yak
  7639 | D:8      | Noticed a death yak
  7640 | D:8      | Noticed a death yak
  7991 | D:8      | Found a staircase to the Lair.
  8264 | D:9      | Found a burning altar of Makhleb.
  8314 | D:9      | Found an iron altar of Okawaru.
  8564 | D:10     | Reached skill level 10 in Axes
  8627 | D:10     | Noticed Psyche
  8635 | D:10     | Killed Psyche
  8635 | D:10     | Reached XP level 11. HP: 94/94 MP: 11/11
  8855 | D:10     | Found a white marble altar of Elyvilon.
  9467 | D:11     | You fall through a shaft for 3 floors!
  9484 | D:14     | Noticed Louise
  9489 | D:14     | Noticed a centaur warrior
  9492 | D:14     | Noticed a sun demon
  9507 | D:14     | Killed a centaur warrior
  9522 | D:14     | Cast into level 3 of the Abyss (Louise)
  9597 | Abyss:3  | Noticed a starcursed mass
  9606 | Abyss:3  | Noticed a daeva
  9611 | Abyss:3  | HP: 2/95 [starcursed mass (4)]
  9613 | Abyss:3  | Killed from afar by a starcursed mass

Skill      XL: |  1  2  3  4  5  6  7  8  9 10 11 |
---------------+----------------------------------+-----
Throwing       | 2 |  2.0
Dodging        | 3 4 5 6 7 8 |  8.3
Armour         | 1 2 3 4 5 7 |  7.7
Fighting       | 3 4 5 6 8 |  8.7
Axes           | 3 4 5 7 8 10 | 10.9

Action                   |  1- 3 |  4- 6 |  7- 9 | 10-12 || total
-------------------------+-------+-------+-------+-------++-------
Melee: War axe           |    92 |   216 |   452 |   363 ||  1123
Throw: Throwing net      |       |     1 |       |     1 ||     2
Invok: Potion Petition   |       |       |     1 |     2 ||     3
  Use: Potion            |     1 |     1 |     6 |    10 ||    18
       Scroll            |       |       |    13 |     7 ||    20
 Stab: Sleeping          |     2 |     1 |       |       ||     3
       Invisible         |       |       |     3 |       ||     3
       Distracted        |       |       |     1 |     4 ||     5
  Eat: Chunk             |     1 |     3 |     3 |       ||     7
       Ration            |       |     1 |     5 |     5 ||    11
Armor: Leather armour    |    42 |    47 |       |       ||    89
       Ring mail         |       |    13 |   228 |   121 ||   362
       Skin              |       |       |     3 |       ||     3
Dodge: Dodged            |    90 |   176 |   444 |   286 ||   996
       Deflected         |       |       |     3 |     5 ||     8
